 Dungeon Crawl Stone Soup version 0.31-a0-1093-gadecf4124d (webtiles) character file.

Game seed: 5018189438627440041

35 Ivernyr the Shield-Bearer (level 3, -1/29 HPs)
             Began as a Formicid Fighter on Nov 29, 2023.
             Slain by Terence
             ... wielding a +2 heavy falchion
              (16 damage)
             ... on level 2 of the Dungeon.
             The game lasted 00:02:23 (1033 turns).

Ivernyr the Shield-Bearer (Formicid Fighter)        Turns: 1033, Time: 00:02:23

Health: -1/29      AC:  8    Str: 22    XL:     3   Next: 55%
Magic:  3/3        EV:  9    Int:  7    God:
Gold:   47         SH:  5    Dex: 13    Spells: 2/2 levels left

rFire   . . .        a - +0 quarterstaff
rCold   . . .        c - +0 buckler
rNeg    . . .        b - +0 scale mail
rPois   .            (helmet unavailable)
rElec   .            (no cloak)
rCorr   .            (no gloves)
SInv    +            i - +0 pair of boots
Will    .....        (no amulet) Stlth
                     (no ring)
HPRegen 0.24/turn    (no ring)
MPRegen 0.08/turn

%: no passive effects
@: no status effects
A: permanent stasis, dig shafts and tunnels, antennae 3, four strong arms
a: Dig, Shaft Self


You were on level 2 of the Dungeon.
You visited 1 branch of the dungeon, and saw 2 of its levels.

You collected 47 gold pieces.

Inventory:

Hand Weapons
 a - a +0 quarterstaff (weapon)
Armour
 b - a +0 scale mail (worn)
 c - a +0 buckler (worn)
 i - a +0 pair of boots (worn)
Scrolls
 g - a scroll of butterflies {unknown}
 j - a scroll of identify {unknown}
Potions
 d - 2 potions of might
 e - 2 potions of degeneration {unknown}
 f - a potion of brilliance {unknown}
 h - a potion of magic {unknown}
 k - a potion of cancellation {unknown}
 l - a potion of curing {unknown}
 m - 2 potions of lignification {unknown}


   Skills:
 + Level 3.6 Fighting
 * Level 2.7 Staves
 + Level 3.6 Armour
 + Level 4.4 Shields


You had 2 spell levels left.
You didn't know any spells.
Your spell library was empty.

Dungeon Overview and Level Annotations

Branches:
Dungeon (2/15)

Altars:

Annotations:
D:2 Terence


Innate Abilities, Weirdness & Mutations

You cannot be hasted, slowed, berserked, paralysed or teleported.
You can dig through walls and to a lower floor.
You have a pair of large antennae on your head. (SInv)
Your four strong arms can wield two-handed weapons with a shield.


Message History

You hit the quokka.
You kill the quokka!
A hobgoblin comes into view.
The hobgoblin shouts!
You see here 17 gold pieces.
A hobgoblin is nearby!
A hobgoblin is nearby!
The hobgoblin barely misses you.
There is a stone staircase leading down here.
You sock the hobgoblin!
You kill the hobgoblin!
Terence the Incautious comes into view.
He is wielding a +2 heavy falchion.
Found a stone staircase leading up.
You closely miss Terence.
Terence hits you with a +2 heavy falchion!
You hit Terence but do no damage. You block Terence's attack.
You barely miss Terence. Terence barely misses you.
You hit Terence.
Terence is moderately wounded.
You block Terence's attack.
You hit Terence but do no damage.
Terence is moderately wounded.
Terence hits you with a +2 heavy falchion!
You barely miss Terence.
Terence is moderately wounded.
You hit Terence but do no damage.
Terence is moderately wounded.
Terence hits you with a +2 heavy falchion.
You hit Terence.
Terence is heavily wounded.
Terence closely misses you.
You closely miss Terence.
Terence is heavily wounded.
You block Terence's attack.
You hit Terence.
Terence is severely wounded.
Terence hits you with a +2 heavy falchion!
Ouch! That really hurt!
You die...
Terence says, "That felt goooood."

... . ...# .## .....
..# ..... #.# .........
..<...#.#####
.......@....# #@# #.#
..# #.##..# # #>##..#
.# # #.#####.##..#
....# ........##..###
#.. #.####..$.....# #..
.............## #.#
.##.###.......#.#####.#


You could see Terence.

Vanquished Creatures
  A worm (D:2)
  A dart slug (D:1)
  3 ball pythons (D:1)
  2 endoplasms
  2 goblins
  2 hobgoblins
  2 jackals (D:1)
  2 kobolds
  2 quokkas
  6 bats
  2 frilled lizards (D:1)
  2 rats (D:1)
27 creatures vanquished.

Notes
Turn   | Place    | Note
-------+----------+-------------------------------------------
     0 | D:1      | Ivernyr the Formicid Fighter began the quest for the Orb.
     0 | D:1      | Reached XP level 1. HP: 18/18 MP: 1/1
   171 | D:1      | Reached XP level 2. HP: 22/24 MP: 2/2
   478 | D:1      | Reached XP level 3. HP: 29/29 MP: 3/3
  1020 | D:2      | Noticed Terence
  1033 | D:2      | Slain by Terence

Illustrated notes

Levels and vault maps discovered:
D:1:      erik_arrival_triangle_small, layout_basic, st_stairs_5, hex_medium,
          nicolae_hexahallways
D:2:      layout_loops_ring, uniq_terence

Action                     || total
---------------------------++-------
  Melee: Quarterstaff      ||    67
 Armour: Scale mail        ||    56
  Dodge: Dodged            ||    31
  Block: Buckler           ||    26

Table legend: (Time is in decaauts)
 A = Elapsed time spent in this place.
 B = Non-inter-level travel time spent in this place.
 C = Inter-level travel time spent in this place.
 D = Time resting spent in this place.
 E = Time spent auto-exploring this place.
 F = Levels seen in this place.
 G = Mean time per level.
                   A        B        C        D        E       F      G
               +--------+--------+--------+--------+--------+-----+--------+
         Total |   1047 |   1020 |     27 |     66 |    732 |   2 |  523.5 |
       Dungeon |   1047 |   1020 |     27 |     66 |    732 |   2 |  523.5 |
               +--------+--------+--------+--------+--------+-----+--------+

Top non-repeatable levels by time:
     D:1: 846 daAuts
     D:2: 200 daAuts
